 Dungeon Crawl Stone Soup version 0.29.1-1-gd02db6906a (webtiles) character file.

Game seed: 11127292355896849986

51 Sabo the Gusty (level 3, 24/24 HPs)
             Began as a Demonspawn Air Elementalist on Sept 19, 2022.
             Was a Follower of Trog.
             Got out of the dungeon alive.
             The game lasted 00:14:28 (2954 turns).

Sabo the Gusty (Demonspawn Air Elementalist)        Turns: 2954, Time: 00:14:28

Health: 24/24      AC:  3    Str:  8    XL:     3   Next: 57%
Magic:  7/7        EV: 12    Int: 18    God:    Trog [*.....]
Gold:   52         SH:  0    Dex: 13    Spells: 6/7 levels left

rFire   . . .      SeeInvis .   j - +0 war axe
rCold   + . .      Faith    .   (no shield)
rNeg    . . .      Spirit   .   a - +0 robe
rPois   .          Reflect  .   (helmet restricted)
rElec   .          Harm     .   (no cloak)
rCorr   .          Rampage  .   (no gloves)
Will    .....                   h - +0 pair of boots
Stlth   ++........              (no amulet)
HPRegen 0.08/turn               c - ring of protection from cold
MPRegen 0.10/turn               (no ring)

@: no status effects
A: antennae 1, powered by death 1
a: Renounce Religion, Berserk


You escaped.
You worshipped Trog.
Trog was aware of your devotion.
You visited 1 branch of the dungeon, and saw 2 of its levels.

You collected 52 gold pieces.

Inventory:

Hand Weapons
 j - a +0 war axe (weapon)
Missiles
 l - 4 atropa-tipped darts (quivered)
Armour
 a - a +0 robe (worn)
 h - a +0 pair of boots (worn)
Jewellery
 c - a ring of protection from cold (left hand)
Scrolls
 f - a scroll of fog {unknown}
 g - 2 scrolls of identify {unknown}
 i - a scroll of immolation {unknown}
 k - 2 scrolls of blinking {unknown}
Potions
 b - a potion of magic
 d - a potion of curing {unknown}
 e - a potion of heal wounds {unknown}
 m - a potion of attraction {unknown}


   Skills:
 + Level 0.2(0.3) Axes
 + Level 0.4 Maces & Flails
 + Level 2.0 Dodging
 + Level 1.9 Stealth
 - Level 2.6 Spellcasting
 - Level 1.4 Conjurations
 - Level 3.2 Air Magic


You had 6 spell levels left.
You knew the following spells:

 Your Spells              Type           Power      Damage    Failure   Level
a - Shock                 Conj/Air       40%        1d5       6%          1

Your spell library contained the following spells:

 Spells                   Type           Power      Damage    Failure   Level
 Static Discharge         Conj/Air       10%        3-5/arc   10%         2
 Swiftness                Air            14%        N/A       14%         3
 Airstrike                Air            7%         2d(1-17)  41%         4


Dungeon Overview and Level Annotations

Branches:
Dungeon (2/15)

Altars:
Trog


Innate Abilities, Weirdness & Mutations

You have a pair of small antennae on your head.
You regenerate a little health from kills.


Message History

You barely miss the jackal.
The jackal bites you but does no damage.
You hit the jackal.
The jackal is heavily wounded.
The jackal barely misses you.
Your magical contamination has completely faded away.
You closely miss the jackal.
The jackal is moderately wounded.
You closely miss the jackal. The jackal closely misses you.
The jackal bites you. x2; The jackal closely misses you. x2
You slash the jackal!
You kill the jackal!
You hit the jackal but do no damage. The jackal misses you.
The jackal barely misses you.
You closely miss the jackal.
The jackal is heavily wounded.
The jackal barely misses you.
The jackal bites you but does no damage.
You hit the jackal.
You kill the jackal!
You start resting.
HP restored.
You start resting.
Magic restored.
You see here a jackal corpse.
There is a faded altar of an unknown god here.
You see here a +0 dagger.
You cannot tell which god this altar belongs to.
Convert to them anyway?
Trog accepts your prayer! Trog welcomes you!
You can now go berserk at will.
You see here a bat corpse.
There is an escape hatch in the ceiling here.
You can't go down here!
A mysterious force pulls you upwards. The hatch slams shut behind you.
You enter the shallow water.
Moving in this stuff is going to be slow.
There is a staircase leading out of the dungeon here.
Are you sure you want to leave the Dungeon?
This will make you lose the game!
You have escaped!

.....######......................
#......#################.........
'........# ##.......## #........[
#......#.###.........###.........
#......#.##...........##.........
#......#.#.............######.###
####...........~~~...............
......##......~...~.....#.#......
#####.##......~.@.~.......#......
..............~...~.....###......
#..............~~~......# #......
..)......#.............####......
#......#.##...........##.........
#........###.........###......##.
#......#.# ##.......## #......##.
.......#.############ #.........
...................# ###......##.


There were no monsters in sight!

Vanquished Creatures
  A worm (D:2)
  2 dart slugs (D:1)
  2 ball pythons (D:1)
  5 endoplasms
  3 giant cockroaches (D:1)
  3 goblins (D:1)
  4 hobgoblins
  3 jackals (D:2)
  3 kobolds
  2 quokkas (D:1)
  4 bats
  2 frilled lizards
  4 rats (D:1)
38 creatures vanquished.

Notes
Turn   | Place    | Note
-------+----------+-------------------------------------------
     0 | D:1      | Sabo the Demonspawn Air Elementalist began the quest for
                  | the Orb.
     0 | D:1      | Reached XP level 1. HP: 13/13 MP: 3/3
   515 | D:1      | Gained mutation: You have a pair of small antennae on your
                  | head. [demonic ancestry]
   515 | D:1      | Reached XP level 2. HP: 19/19 MP: 0/5
  1305 | D:1      | Reached skill level 3 in Air Magic
  1734 | D:1      | Gained mutation: You regenerate a little health from kills.
                  | [demonic ancestry]
  1734 | D:1      | Reached XP level 3. HP: 24/24 MP: 0/6
  2798 | D:2      | Found a faded altar of an unknown god.
  2858 | D:2      | Prayed at the altar of an unknown god.
  2858 | D:2      | Became a worshipper of Trog the Wrathful
  2858 | D:2      | Reached * piety under Trog
  2954 | D:$      | Got out of the dungeon alive.

Illustrated notes

Levels and vault maps discovered:
D:1:      enne_arrival_octagon_isle, layout_basic, serial_curves,
          eino_curves_01, eino_curves_02
D:2:      layout_loops_cross, serial_shops, shop_statue,
          ebering_ecumenical_altar_sacrificial, uniq_jessica, uniq_robin,
          uniq_natasha

Skill      XL: |  1  2 |
---------------+-------+-----
Air Magic      | 3 |  3.2
Dodging        | 2 |  2.0
Axes           | |  0.2
Maces & Flails | |  0.4
Stealth        | |  1.9
Spellcasting   | |  2.6
Conjurations   | |  1.4

Action                   || total
-------------------------++-------
Melee: Whip              ||    22
       War axe           ||    26
 Cast: Shock             ||    61
 Stab: Sleeping          ||     1
Armor: Robe              ||    12
Dodge: Dodged            ||    43
